 Dungeon Sprint DCSS version 0.30-a0-972-gf3ab3527aa (webtiles) character file.

Game seed: 2182966389729148802

83 fozzywoppz the Destroyer (level 4, 0/27 HPs)
             Began as an Octopode Conjurer on Mar 31, 2023.
             Was an Initiate of Jiyva.
             Succumbed to a scorpion's poison
             ... in the Dungeon (Sprint VII: "The Pits").
             The game lasted 00:02:20 (129 turns).

fozzywoppz the Destroyer (Octopode Conjurer)         Turns: 129, Time: 00:02:20

Health: 0/27       AC:  1    Str:  6    XL:     4   Next: 44%
Magic:  0/8        EV: 14    Int: 22    God:    Jiyva [......]
Gold:   0          SH:  0    Dex: 10    Spells: 6/9 levels left

rFire   . . .      SeeInvis .    (no weapon)
rCold   . . .      Faith    .    (no shield)
rNeg    . . .      Spirit   .    (helmet restricted)
rPois   .          Reflect  .    (no amulet)
rElec   .          Rampage  .    (no ring)
rCorr   .          NoTele   +    (no ring)
Will    .....                    (no ring)
Stlth   +++                      (no ring)
HPRegen 0.24/turn                (no ring)
MPRegen 0.11/turn                (no ring)
                                 (no ring)
                                 (no ring)

@: lethally poisoned (0 -> -8)
A: almost no armour, amphibious, 8 rings, camouflage 1, gelatinous body 1,
(nimble swimmer 1), tentacles
a: Renounce Religion


You were in the Dungeon.
You worshipped Jiyva.
Jiyva was noncommittal.
You visited 1 branch

Inventory:

Scrolls
 f - a scroll of blinking
 h - 5 scrolls of amnesia
 i - a scroll of butterflies
Potions
 a - 5 potions of magic
 c - a potion of heal wounds
 d - a potion of haste
 e - 3 potions of berserk rage
 g - 2 potions of invisibility


   Skills:
 + Level 4.1 Dodging
 - Level 3.0 Stealth
 + Level 0.6 Unarmed Combat
 + Level 3.0 Spellcasting
 - Level 8.0 Conjurations


You had 6 spell levels left.
You knew the following spells:

 Your Spells              Type           Power      Damage    Failure   Level
a - Magic Dart            Conj           100%       1d8       1%          1
b - Searing Ray           Conj           76%        2d7       1%          2

Your spell library contained the following spells:

 Spells                   Type           Power      Damage    Failure   Level
 Dazzling Flash           Conj/Hex       40%        N/A       7%          3
 Fulminant Prism          Conj/Hex       10%        3d9       24%         4
 Iskenderun's Mystic Bla  Conj/Tloc      20%        2d6       24%         4


Dungeon Overview and Level Annotations

Branches:
Dungeon (1/1)

Altars:
Ashenzari
Cheibriados
Dithmenos
Elyvilon
Fedhas
Gozag
Hepliaklqana
Kikubaaqudgha
Makhleb
Nemelex Xobeh
Okawaru
Qazlal
Ru
Sif Muna
Trog
Uskayaw
Vehumet
Wu Jian
Xom
Yredelemnul
Zin
The Shining One
Jiyva
Lugonu


Innate Abilities, Weirdness & Mutations

You cannot wear most types of armour.
You are amphibious.
You can wear up to eight rings at the same time.
Your skin changes colour to match your surroundings (Stealth+).
Your rubbery body absorbs attacks. (AC +1, EV +1)
((You are camouflaged when in or above water. (Stealth+)))
You have tentacles for arms and can constrict up to eight enemies at once.


Message History

You constrict the scorpion, but do no damage.
The scorpion barely misses you.
You tentacle-slap the scorpion but do no damage.
The scorpion is severely wounded.
You constrict the scorpion. The scorpion barely misses you.
You tentacle-slap the scorpion but do no damage.
The scorpion is severely wounded.
You constrict the scorpion, but do no damage.
The scorpion closely misses you. The scorpion barely misses you.
You tentacle-slap the scorpion but do no damage.
The scorpion is severely wounded.
You constrict the scorpion, but do no damage.
The scorpion misses you.
Casting: Magic Dart (safe; 1% risk of failure)
Confirm with . or Enter, or press ? or * to list all spells.
Aiming: Magic Dart (safe; 1% risk of failure)
Press: ? - help, Shift-Dir - straight line, f/p - scorpion
Aim: a scorpion (severely wounded, constricted by you, 100% to hit)
The magic dart hits the scorpion but does no damage.
The scorpion is severely wounded.
You constrict the scorpion. The scorpion stings you.
* * * LOW HITPOINT WARNING * * *
You are lethally poisoned!
The scorpion poisons you!
You hear a splatter.
You tentacle-slap the scorpion.
You kill the scorpion!
* * * LOW HITPOINT WARNING * * *
You feel very sick.
Training target 8.0 for Conjurations reached!
Your Dodging skill gained 2 levels and is now at level 4!
Your Spellcasting skill increases to level 3!
Your Conjurations skill gained 2 levels and is now at level 8!
You have reached level 3!
Your experience leads to an increase in your attributes!
Increase (S)trength, (I)ntelligence, or (D)exterity?
You feel clever. x2
You have reached level 4!
Okay, then.
You die...

#_________.#
#_________.#
#_______...###########++
##########'##...........
#.?(.')))'.##......#..#
##########.##..........
#...........'...........
+#####'#####......#..#.
#..@†.##...........
#####'#####'#####+
#...†.##.......#
#..s..##.......#
###'####.......#
#....G##...<...#
#.....G..##.......#
#........##.......#
###########.......#


There were no monsters in sight!

Vanquished Creatures
  A scorpion (D)
  2 adders (D)
  A hobgoblin (D)
  A quokka (D)
  A bat (D)
6 creatures vanquished.

Vanquished Creatures (others)
  the Royal Jelly (D)
  A bone dragon (D)
  A pearl dragon (D)
  A Tzitzimitl (D)
  7 Orb Guardians (D)
  7 acid blobs (D)
  A deep elf blademaster (D)
  A storm dragon (D)
  7 rockslimes (D)
  6 azure jellies (D)
  A ghost moth (D)
  2 quicksilver oozes (D)
  A draconian annihilator (D)
  A great orb of eyes (D)
  A jelly (D)
  An adder zombie (D)
  A ball python (D)
41 creatures vanquished.

Grand Total: 47 creatures vanquished

Notes
Turn   | Place    | Note
-------+----------+-------------------------------------------
     0 | D        | fozzywoppz the Octopode Conjurer began the quest for the
                  | Orb.
     0 | D        | Reached XP level 1. HP: 11/11 MP: 3/3
    16 | D        | Reached skill level 5 in Conjurations
    16 | D        | Reached XP level 2. HP: 17/17 MP: 0/5
    41 | D        | Found a glowing golden altar of the Shining One.
    41 | D        | Found a glowing silver altar of Zin.
    41 | D        | Found a basalt altar of Yredelemnul.
    41 | D        | Found a shimmering altar of Xom.
    41 | D        | Found an ornate altar of the Wu Jian Council.
    41 | D        | Found a bloodstained altar of Trog.
    41 | D        | Found a shimmering blue altar of Sif Muna.
    41 | D        | Found a sacrificial altar of Ru.
    41 | D        | Found a stormy altar of Qazlal.
    41 | D        | Found an iron altar of Okawaru.
    41 | D        | Found a sparkling altar of Nemelex Xobeh.
    41 | D        | Found a burning altar of Makhleb.
    41 | D        | Found a viscous altar of Jiyva.
    41 | D        | Found a hazy altar of Hepliaklqana.
    41 | D        | Found an opulent altar of Gozag.
    41 | D        | Found a blossoming altar of Fedhas.
    41 | D        | Found a white marble altar of Elyvilon.
    41 | D        | Found a shadowy altar of Dithmenos.
    41 | D        | Found a snail-covered altar of Cheibriados.
    42 | D        | Found a radiant altar of Vehumet.
    42 | D        | Found a corrupted altar of Lugonu.
    43 | D        | Found a hide-covered altar of Uskayaw.
    43 | D        | Found an ancient bone altar of Kikubaaqudgha.
    43 | D        | Found a broken altar of Ashenzari.
    66 | D        | Became a worshipper of Jiyva Jyoqon the Shapeless
    69 | D        | Killed a great orb of eyes
    70 | D        | Killed an Orb Guardian
    70 | D        | Killed an Orb Guardian
    71 | D        | Killed a quicksilver ooze
    72 | D        | Killed an acid blob
    73 | D        | Killed an azure jelly
    73 | D        | Killed a ghost moth
    73 | D        | Killed a storm dragon
    73 | D        | Killed an azure jelly
    74 | D        | Killed an Orb Guardian
    74 | D        | Killed an Orb Guardian
    75 | D        | Killed an acid blob
    75 | D        | Killed a rockslime
    75 | D        | Killed a rockslime
    76 | D        | Killed a rockslime
    77 | D        | Killed the Royal Jelly
    77 | D        | Killed an Orb Guardian
    77 | D        | Killed an acid blob
    77 | D        | Killed an azure jelly
    78 | D        | Learned a level 2 spell: Searing Ray
    78 | D        | Killed a rockslime
    79 | D        | Killed a Tzitzimitl
    79 | D        | Killed an acid blob
    79 | D        | Killed a rockslime
    80 | D        | Killed a pearl dragon
    80 | D        | Killed an azure jelly
    80 | D        | Killed a quicksilver ooze
    81 | D        | Killed a deep elf blademaster
    81 | D        | Killed a bone dragon
    81 | D        | Killed an azure jelly
    81 | D        | Killed an acid blob
    82 | D        | Killed an azure jelly
    82 | D        | Killed an acid blob
    82 | D        | Killed an acid blob
    82 | D        | Killed an Orb Guardian
    86 | D        | Killed an Orb Guardian
    87 | D        | Killed a rockslime
    94 | D        | Killed a yellow draconian annihilator
    95 | D        | Killed a rockslime
   100 | D        | Noticed a floating eye
   102 | D        | Noticed a scorpion
   118 | D        | Reached skill level 6 in Conjurations
   128 | D        | Killed a scorpion
   129 | D        | Reached skill level 8 in Conjurations
   129 | D        | Reached XP level 3. HP: 1/21 MP: 0/7
   129 | D        | Reached XP level 4. HP: 2/27 MP: 0/8
   129 | D        | Succumbed to a scorpion's poison

Illustrated notes

Levels and vault maps discovered:
D:        pitsprint [storerooms_1, entrance_room_1, metal_vault_6, armoury_3,
          mini_pit_1, grid_room_1, main_hall_1, silver_pit, the_coven_1,
          the_vestibule_1, steel_vault_2, golden_pit, hallway_of_sentries,
          crystal_vault_1, iron_vault_5, final_vault]

Skill      XL: |  1  2 |
---------------+-------+-----
Stealth        | 3 |  3.0
Conjurations   | 5 8 |  8.0
Dodging        | 4 |  4.1
Spellcasting   | 3 |  3.0
Unarmed Combat | |  0.6

Action                     |  1- 3 |  4- 6 || total
---------------------------+-------+-------++-------
  Melee: Unarmed           |    18 |       ||    18
         Tentacles         |     3 |       ||     3
         Constrict         |     2 |       ||     2
   Cast: Magic Dart        |     7 |       ||     7
         Searing Ray       |     2 |       ||     2
    Use: Potion            |     1 |       ||     1
 Armour: Skin              |     2 |       ||     2
  Dodge: Dodged            |    22 |       ||    22

Table legend: (Time is in decaauts)
 A = Elapsed time spent in this place.
 B = Non-inter-level travel time spent in this place.
 C = Inter-level travel time spent in this place.
 D = Time resting spent in this place.
 E = Time spent auto-exploring this place.
 F = Levels seen in this place.
 G = Mean time per level.
                   A        B        C        D        E       F      G
               +--------+--------+--------+--------+--------+-----+--------+
         Total |    129 |    129 |      0 |     13 |      0 |   1 |  129.0 |
       Dungeon |    129 |    129 |      0 |     13 |      0 |   1 |  129.0 |
               +--------+--------+--------+--------+--------+-----+--------+

Top non-repeatable levels by time:
       D: 129 daAuts
